 Dungeon Crawl Stone Soup version 0.19-a0-965-g50bf062 (webtiles) character file.

69 Television the Poker (level 4, -6/39 HPs)
             Began as a Minotaur Berserker on July 12, 2016.
             Was a Believer of Trog.
             Mangled by a centaur (7 damage)
             ... on level 3 of the Dungeon.
             The game lasted 00:02:33 (1345 turns).

Television the Poker (Minotaur Berserker)           Turns: 1345, Time: 00:02:33

Health: -6/39      AC:  2    Str: 23    XL:     4   Next: 2%
Magic:  3/3        EV: 12    Int:  4    God:    Trog [**....]
Gold:   112        SH:  0    Dex:  9    Spells: 0 memorised, 3 levels left

rFire  . . .     SeeInvis .     a - +0 spear
rCold  . . .     Gourm    .     b - +0 animal skin
rNeg   . . .     Faith    .     (no shield)
rPois  .         Spirit   .     (helmet restricted)
rElec  .         Dismiss  .     (no cloak)
rCorr  .         Reflect  .     (no gloves)
SustAt .         Harm     .     (no boots)
MR     .....                    (no amulet)
Stlth  ++........               (no ring)
                                e - ring of stealth

@: not resistant to hostile enchantments, unstealthy
A: retaliatory headbutt, horns 2
a: Berserk, Trog's Hand, Burn Spellbooks, Renounce Religion


You were on level 3 of the Dungeon.
You worshipped Trog.
Trog was pleased with you.
You were not hungry.

You visited 1 branch of the dungeon, and saw 4 of its levels.

You collected 112 gold pieces.

Inventory:

Hand Weapons
 a - a +0 spear (weapon)
Missiles
 j - a throwing net (quivered)
Armour
 b - a +0 animal skin (worn)
Jewellery
 e - a ring of stealth (left hand)
Scrolls
 f - a scroll of noise {unknown}
 g - a scroll of blinking {unknown}
 m - 2 scrolls of remove curse {unknown}
 n - a scroll of random uselessness {unknown}
 o - a scroll of teleportation {unknown}
 p - a scroll of identify {unknown}
Potions
 d - 2 potions of curing {unknown}
 h - 2 potions of degeneration {unknown}
 k - a potion of resistance {unknown}
 l - a potion of cure mutation {unknown}
Books
 r - a book of Burglary

   Spells                             Type                      Level
   a - Swiftness                      Charms/Air                   2
   b - Passwall                       Transmutation/Earth          2
   c - Passage of Golubria            Translocation                4
   d - Lee's Rapid Deconstruction     Earth                        5
   e - Darkness                       Hexes                        6
   f - Invisibility                   Hexes                        6
   Trog disapproves of the use of such an item.
Comestibles
 c - 2 bread rations
 i - a meat ration


   Skills:
 - Level 3.6 Fighting
 * Level 5.4 Polearms
 + Level 3.4 Armour
 - Level 2.1 Dodging


You had 3 spell levels left.
You didn't know any spells.

Dungeon Overview and Level Annotations

Branches:
Dungeon (4/15)
 Temple: D:4-7

Altars:
Nemelex Xobeh
Trog

Annotations:
D:3 Ijyb
D:4 Dominolapin's ghost, novice DsFi


Innate Abilities, Weirdness & Mutations

You reflexively headbutt those who attack you in melee.
You have a pair of horns on your head.


Message History

You climb upwards.
Level annotation: Ijyb Ijyb shouts!
The centaur shoots an arrow.
The arrow misses you.
The centaur shoots an arrow.
The arrow hits you!
Found a murky dark potion.
There is a stone staircase leading down, spattered with blood here.
You see here an arrow.
The centaur shoots an arrow.
The arrow barely misses you.
The centaur unwields an uncursed shortbow.
The centaur hits you!
* * * LOW HITPOINT WARNING * * *
The centaur hits you!
* * * LOW HITPOINT WARNING * * *
An adder comes into view.
The adder hisses angrily.
You hit the centaur.
The centaur is lightly wounded.
The centaur hits you!
You die...

............##...##
.#
.......##......#..#
.# .##...##
###.#....# ... # #
##.##
#.....(##.#.(.# #.#
##.#...>...S.?.
#.....##..##.. #
###..g.....#
#...#((....# #
.......>.@.#
#.!...####c.#
#..... #..# ....
#..# ### ... .#.#
.### ..


You could see Ijyb, a centaur and an adder.

Vanquished Creatures
  4 adders
  6 bats
  2 giant cockroaches
  7 goblins
  5 hobgoblins
  4 giant newts (D:2)
  3 kobolds
  2 rats
33 creatures vanquished.

Notes
Turn   | Place    | Note
-------+----------+-------------------------------------------
     0 | D:1      | Television the Minotaur Berserker began the quest for the Orb.
     0 | D:1      | Reached XP level 1. HP: 19/19 MP: 0/0
   354 | D:1      | Reached skill level 4 in Polearms
   554 | D:1      | Reached XP level 2. HP: 26/26 MP: 1/1
   794 | D:2      | Reached ** piety under Trog
   794 | D:2      | Reached XP level 3. HP: 22/31 MP: 2/2
  1094 | D:2      | Reached skill level 5 in Polearms
  1199 | D:3      | Found a sparkling altar of Nemelex Xobeh.
  1210 | D:3      | Found a bloodstained altar of Trog.
  1266 | D:3      | Noticed a centaur
  1267 | D:3      | Noticed Ijyb
  1283 | D:4      | Noticed Dominolapin's ghost (novice DsFi)
  1329 | D:4      | Reached XP level 4. HP: 25/39 MP: 3/3
  1330 | D:4      | Noticed a phantom
  1344 | D:3      | HP: 1/39 [centaur (7)]
  1345 | D:3      | Mangled by a centaur

Vault maps used:
D:1:      minmay_arrival_solitary_statue, st_stairs_8
D:3:      grunt_temple_overflow_open, uniq_iyjb
D:4:      uniq_robin

Skill      XL: |  1  2  3 |
---------------+----------+-----
Polearms       | 4 5 |  5.4
Armour         | 3 |  3.4
Fighting       | |  3.6
Dodging        | |  2.1

Action                   |  1- 3 |  4- 6 || total
-------------------------+-------+-------++-------
Melee: Spear             |    77 |     1 ||    78
       Headbutt          |     7 |       ||     7
 Stab: Sleeping          |    11 |       ||    11
       Distracted        |     1 |       ||     1
  Eat: Chunk             |     1 |       ||     1
Armor: Animal skin       |    11 |       ||    11
Dodge: Dodged            |    34 |     2 ||    36
